 Dungeon Crawl Stone Soup version 0.24.0-13-gcf9b3192b9 (webtiles) character file.

Game seed: 8602474682849192239, levelgen mode: deterministic

1496 Lanoc the Chopper (level 8, -1/79 HPs)
             Began as a Troll Gladiator on Nov 10, 2019.
             Slain by an ice beast (14 damage)
             ... on level 6 of the Dungeon.
             The game lasted 00:05:46 (2384 turns).

Lanoc the Chopper (Troll Gladiator)                 Turns: 2384, Time: 00:05:46

Health: -1/79      AC:  6    Str: 23    XL:     8   Next: 51%
Magic:  7/7        EV: 12    Int:  4    God:
Gold:   182        SH:  0    Dex: 13    Spells: 7/7 levels left

rFire    . . .     SeeInvis .   a - +0 war axe
rCold    . . .     Gourm    +   (no shield)
rNeg     . . .     Faith    .   b - +0 robe
rPois    .         Spirit   .   c - +0 hat
rElec    .         Reflect  .   (no cloak)
rCorr    .         Harm     .   (gloves unavailable)
MR       .....                  (boots unavailable)
Stlth    +.........             y - amulet of regeneration
HPRegen  1.03/turn              (no ring)
MPRegen  0.10/turn              (no ring)

@: no status effects
A: large, unfitting armour, claws 3, fast metabolism 3, gourmand, regeneration
1, shaggy fur 1, tough skin 3
a: no special abilities


You were on level 6 of the Dungeon.
You were very full.

You visited 1 branch of the dungeon, and saw 6 of its levels.

You collected 182 gold pieces.

Inventory:

Hand Weapons
 a - a +0 war axe (weapon)
Missiles
 d - 3 throwing nets (quivered)
 i - 4 atropa-tipped darts
 j - 64 arrows
Armour
 b - a +0 robe (worn)
 c - a +0 hat (worn)
Jewellery
 y - an amulet of regeneration (around neck)
Scrolls
 e - 2 scrolls of teleportation {unknown}
 g - a scroll of enchant weapon {unknown}
 h - a scroll of amnesia
 k - a scroll of immolation {unknown}
 n - 3 scrolls of fear {unknown}
 o - a scroll of magic mapping {unknown}
 p - a scroll of fog {unknown}
 t - a scroll of enchant armour {unknown}
 u - a scroll of remove curse {unknown}
Potions
 l - a potion of curing
 q - a potion of agility
 r - 2 potions of haste
 s - a potion of flight
 v - 2 potions of heal wounds
 x - a potion of cancellation {unknown}
Comestibles
 f - 10 rations


   Skills:
 + Level 4.6 Fighting
 * Level 6.8 Axes
 - Level 1.7 Throwing
 + Level 5.0 Dodging


You had 7 spell levels left.
You didn't know any spells.
Your spell library contained the following spells:

 Spells                   Type           Power        Failure   Level  Hunger
 Animate Skeleton         Necr           N/A          50%         1    ##.....
 Apportation              Tloc           #.....       50%         1    ##.....
 Confusing Touch          Hex            #.....       50%         1    ##.....
 Summon Small Mammal      Summ           #...         50%         1    ##.....


Dungeon Overview and Level Annotations

Branches:
Dungeon (6/15)
 Temple: D:4-7

Altars:
Cheibriados
Hepliaklqana
Trog


Innate Abilities, Weirdness & Mutations

You are too large for most types of armour.
You have claws for hands.
Your metabolism is lightning-fast.
You like to eat raw meat.
Your natural rate of healing is unusually fast.
You are covered in fur. (AC +1)
You have extremely tough skin. (AC +3)


Message History

You hit the ice beast. The centaur barely misses you.
The centaur hits you but does no damage.
The ice beast hits you. The ice beast freezes you!
* * * LOW HITPOINT WARNING * * *
You hit the centaur.
You kill the centaur!
Your Dodging skill increases to level 5!
You closely miss the ice beast. The ice beast hits you.
* * * LOW HITPOINT WARNING * * *
The ice beast freezes you!
* * * LOW HITPOINT WARNING * * *
A crimson imp comes into view.
You see here 2 arrows.
You are no longer corroded.
The crimson imp shouts!
There is an escape hatch in the ceiling here.
The ice beast hits you.
* * * LOW HITPOINT WARNING * * *
The ice beast freezes you!
You die...

..##...####.
#.#..)......
#.#....###.
#5..........
#.#(..####.. #...(.#
#...#.#
##.######Y..#...
........@...###.#
.........#..# .#
##.#####.#..# # #
#.#..###.##
####.#####.#........
#.....<......####.##
#.##..............#
#######.#####....
#.# ..


You could see an ice beast and a crimson imp.

Vanquished Creatures
  Grinder (D:3)
  2 sky beasts (D:5)
  A phantom (D:4)
  2 ogres (D:5)
  3 centaurs
  A scorpion (D:5)
  A crimson imp (D:6)
  A jelly (D:6)
  A bullfrog skeleton (D:5)
  A hound (D:6)
  An iguana (D:5)
  An iron imp (D:5)
  Terence (D:2)
  An orc wizard (D:4)
  3 worker ants
  2 hound skeletons
  A hound zombie (D:3)
  A howler monkey zombie (D:5)
  A worker ant zombie (D:3)
  11 adders
  A howler monkey skeleton (D:3)
  An adder zombie (D:3)
  2 worms
  2 dart slugs (D:3)
  2 leopard geckos
  15 orcs
  4 ball pythons
  3 giant cockroaches
  9 goblins
  5 hobgoblins
  5 jackals
  2 quokkas
  A ball python skeleton (D:3)
  5 bats
  A frilled lizard (D:4)
  5 kobolds
  A leopard gecko skeleton (D:4)
  A leopard gecko zombie (D:5)
  7 rats
109 creatures vanquished.

Notes
Turn   | Place    | Note
-------+----------+-------------------------------------------
     0 | D:1      | Lanoc the Troll Gladiator began the quest for the Orb.
     0 | D:1      | Reached XP level 1. HP: 19/19 MP: 0/0
   136 | D:2      | Reached XP level 2. HP: 14/28 MP: 1/1
   207 | D:2      | Reached skill level 3 in Axes
   207 | D:2      | Reached XP level 3. HP: 29/35 MP: 2/2
   235 | D:2      | Noticed Terence
   242 | D:2      | Killed Terence
   342 | D:2      | Reached XP level 4. HP: 42/42 MP: 3/3
   513 | D:3      | Found a bloodstained altar of Trog.
   627 | D:3      | Reached XP level 5. HP: 49/50 MP: 2/4
   724 | D:3      | Reached skill level 4 in Axes
   842 | D:3      | Noticed Grinder
   865 | D:3      | Killed Grinder
   865 | D:3      | Reached XP level 6. HP: 24/61 MP: 2/5
  1068 | D:3      | You fall into a shaft and drop 1 floor!
  1236 | D:4      | Reached skill level 5 in Axes
  1236 | D:4      | Reached XP level 7. HP: 66/67 MP: 6/6
  1671 | D:5      | Entered Level 5 of the Dungeon
  1994 | D:5      | Found a hazy altar of Hepliaklqana.
  2077 | D:5      | Reached skill level 6 in Axes
  2077 | D:5      | Reached XP level 8. HP: 43/78 MP: 7/7
  2158 | D:5      | Found a snail-covered altar of Cheibriados.
  2377 | D:6      | Reached skill level 5 in Dodging
  2384 | D:6      | Slain by an ice beast

Levels and vault maps discovered:
D:1:      psy_arrival_radial02, layout_loops_ring,
          ebering_dispersal_statue_hall, moated_statue, kennysheep_flooded_box,
          minmay_hedge_maze, tso_altar
D:2:      layout_loops_cross, nicolae_gozag_seed_capital, lemuel_blue_sif_altar,
          first_ration, serial_bayou_lake_a, uniq_natasha, uniq_terence
D:3:      layout_loops_cross, lemuel_round_altar, serial_undead,
          serial_undead_a, serial_undead_a, serial_undead_d, serial_undead_c,
          uniq_grinder
D:4:      layout_basic
D:5:      corexii_shack_village, layout_gridville, slow_altar_2, basic_altar,
          nicolae_sextant, kennysheep_cross_room
D:6:      layout_loops_ring, vehumet_altar_wand_db, minivault_10,
          chequers_serial_rivers_marsh

Skill      XL: |  1  2  3  4  5  6  7  8 |
---------------+-------------------------+-----
Fighting       | 2 3 4 |  4.6
Axes           | 3 4 5 6 |  6.8
Dodging        | 3 4 5 |  5.0
Throwing       | |  1.7

Action                   |  1- 3 |  4- 6 |  7- 9 || total
-------------------------+-------+-------+-------++-------
Melee: War axe           |    60 |   145 |   161 ||   366
Throw: Dart              |       |     4 |       ||     4
       Throwing net      |       |     3 |       ||     3
  Use: Potion            |       |     1 |       ||     1
       Scroll            |       |       |     5 ||     5
 Stab: Sleeping          |       |     1 |     3 ||     4
  Eat: Chunk             |     8 |     5 |    15 ||    28
Armor: Robe              |    39 |    69 |    54 ||   162
Dodge: Dodged            |    58 |    92 |   128 ||   278
